 Dungeon Sprint DCSS version 0.19-a0-1920-g83281cb (console) character file.

102 Blackmore the Frost Mage (level 4, -9/24 HPs)
             Began as a Deep Elf Ice Elementalist on Oct 23, 2016.
             Mangled by Sigmund
             ... wielding a +1 scythe of distortion
              (10 damage)
             ... in the Dungeon (Sprint I: "Red Sonja").
             The game lasted 00:01:52 (132 turns).

Blackmore the Frost Mage (Deep Elf Ice Elementalist) Turns: 132, Time: 00:01:52

Health: -9/24      AC:  2    Str:  5    XL:     4   Next: 49%
Magic:  7/14       EV: 13    Int: 20    God:
Gold:   54         SH:  0    Dex: 16    Spells: 5 memorised, 2 levels left

rFire  . . .     SeeInvis .     k - +0 dagger
rCold  . . .     Gourm    .     a - +0 robe
rNeg   . . .     Faith    .     (no shield)
rPois  .         Spirit   .     (no helmet)
rElec  .         Reflect  .     (no cloak)
rCorr  .         Harm     .     (no gloves)
MR     .....     NoTele   +     (no boots)
Stlth  ++........               (no amulet)
                                (no ring)
                                (no ring)

@: exhausted
A: no striking features
a: no special abilities


You were in the Dungeon.
You were not hungry.

You visited 1 branch You collected 54 gold pieces.

Inventory:

Hand Weapons
 k - a +0 dagger (weapon)
Armour
 a - a +0 robe (worn)
Scrolls
 i - a scroll of blinking
Potions
 d - a potion of curing
 e - a potion of heal wounds
 f - a potion of haste
 g - 2 potions of magic
Books
 b - a book of Frost

   Spells                             Type                      Level
   a - Freeze                         Ice                          1
   b - Throw Frost                    Conjuration/Ice              2
   c - Ozocubu's Armour               Charms/Ice                   3
   d - Throw Icicle                   Conjuration/Ice              4
   e - Summon Ice Beast               Ice/Summoning                4
Comestibles
 c - a bread ration
 j - 8 chunks of flesh


   Skills:
 - Level 2.4 Dodging
 - Level 2.4 Stealth
 * Level 6.8 Spellcasting
 + Level 1.3 Conjurations
 * Level 8.9 Ice Magic


You had 2 spell levels left.
You knew the following spells:

 Your Spells              Type           Power        Failure   Level  Hunger
a - Freeze                Ice            ####         1%          1    None
b - Throw Frost           Conj/Ice       ####..       1%          2    None
c - Ozocubu's Armour      Chrm/Ice       ###.....     6%          3    #......
d - Throw Icicle          Conj/Ice       ####....     14%         4    ###....
e - Summon Ice Beast      Ice/Summ       ###.....     17%         4    ###....


Dungeon Overview and Level Annotations

Branches:
Dungeon (1/1)

Altars:

Annotations:
D Sigmund


Message History

Gang up on whom?
Press: ? - help, Dir - move target cursor, f - Sigmund
Aim: Sigmund, wielding a scythe of distortion and wearing a glowing robe Attack!
Your ice beast misses Sigmund.
Your ice beast hits Sigmund but does no damage.
Sigmund casts a spell at you.
Your ice beast appears confused.
Your ice beast closely misses Sigmund.
Your ice beast hits you but does no damage.
Sigmund gestures wildly while chanting.
Sigmund flickers and vanishes!
Deactivating autopickup; reactivate with Ctrl-A.
Unknown command.
Unknown command.
Unknown command.
Unknown command.
Your ice beast hits you.
Your ice beast freezes you!
* * * LOW HITPOINT WARNING * * *
Something hits you!
You die...

#############
#<.#..).Y#..+
#..'..#@Y{..#
#..#####'####
#..# #..#
#..# ####
#..# #⌠⌠#
####


You could see 2 friendly ice beasts.

Vanquished Creatures
  An ogre (D)
  Ijyb (D)
2 creatures vanquished.

Notes
Turn   | Place    | Note
-------+----------+-------------------------------------------
     0 | D        | Blackmore the Deep Elf Ice Elementalist began the quest for the Orb.
     0 | D        | Reached XP level 1. HP: 10/10 MP: 6/6
     2 | D        | Noticed Ijyb
     8 | D        | Killed Ijyb
     8 | D        | Reached skill level 5 in Spellcasting
     8 | D        | Reached skill level 6 in Ice Magic
     8 | D        | Reached XP level 2. HP: 12/15 MP: 1/10
    84 | D        | Learned a level 2 spell: Throw Frost
    84 | D        | Noticed an ogre
    91 | D        | Killed an ogre
    91 | D        | Reached skill level 8 in Ice Magic
    91 | D        | Reached XP level 3. HP: 19/19 MP: 11/13
    91 | D        | Reached XP level 4. HP: 24/24 MP: 11/14
   108 | D        | Learned a level 3 spell: Ozocubu's Armour
   113 | D        | Learned a level 4 spell: Throw Icicle
   118 | D        | Learned a level 4 spell: Summon Ice Beast
   125 | D        | Noticed Sigmund
   132 | D        | HP: 1/24 [ice beast[the player character] (10)]
   132 | D        | Mangled by Sigmund

Vault maps used:
D:        dungeon_sprint_1

Skill      XL: |  1  2 |
---------------+-------+-----
Spellcasting   | 5 6 |  6.8
Ice Magic      | 6 8 |  8.9
Dodging        | |  2.4
Stealth        | |  2.4
Conjurations   | |  1.3

Action                   |  1- 3 |  4- 6 || total
-------------------------+-------+-------++-------
Melee: Dagger            |     6 |       ||     6
 Cast: Freeze            |     5 |       ||     5
       Summon Ice Beast  |       |     2 ||     2
  Use: Potion            |     1 |       ||     1
Armor: Robe              |       |     1 ||     1
Dodge: Dodged            |     5 |       ||     5
